 Dungeon Crawl Stone Soup version 0.29-a0-275-g389c0b56f3 (webtiles) character file.

Game seed: 3888761246397131265

10533 epen the Frost Mage (level 11, -17/95 (104) HPs)
             Began as a Naga Ice Elementalist on Mar 11, 2022.
             Was an Elder of Vehumet.
             Demolished by a large slime creature (25 damage)
             ... on level 10 of the Dungeon.
             The game lasted 00:26:27 (11079 turns).

epen the Frost Mage (Naga Ice Elementalist)        Turns: 11079, Time: 00:26:27

HP:   -17/95 (104)  AC: 20    Str: 16    XL:     11   Next: 63%
MP:   18/23         EV: 10    Int: 19    God:    Vehumet [****..]
Gold: 726           SH:  0    Dex: 13    Spells: 10/26 levels left

rFire   . . .      SeeInvis +   d - +5 spear
rCold   . . .      Faith    .   (no shield)
rNeg    . . .      Spirit   .   x - +0 steam dragon scales
rPois   +          Reflect  .   g - +0 helmet
rElec   .          Harm     .   k - scarf {+Inv}
rCorr   .          Rampage  .   r - +0 pair of gloves
Will    +....                   f - +0 barding
Stlth   ++........              w - amulet of regeneration
HPRegen 0.00/turn               t - +6 ring of strength
MPRegen 0.18/turn               (no ring)

@: mighty, ice-armoured, freezing walls, inhibited regen, drained, very slow
A: AC +3, large, see invisible, deformed body, poison resistance, slowness 2,
spit poison 1, naga tail 1, inhibited regeneration
a: Spit Poison, Renounce Religion, Evoke Invisibility


You were on level 10 of the Dungeon.
You worshipped Vehumet.
Vehumet was greatly pleased with you.
You visited 1 branch of the dungeon, and saw 10 of its levels.

You collected 726 gold pieces.

Inventory:

Hand Weapons
 c - a +0 dagger
 d - a +5 spear (weapon)
 j - a +0 dagger of freezing
Armour
 a - a +0 robe
 f - a +0 barding (worn)
 g - a +0 helmet (worn)
 k - a scarf of invisibility (worn)
 r - a +0 pair of gloves (worn)
 x - +0 steam dragon scales (worn)
Jewellery
 t - a +6 ring of strength (left hand)
 u - an amulet of guardian spirit
 w - an amulet of regeneration (around neck)
Wands
 m - a wand of mindburst (9)
 n - a wand of polymorph (12)
 o - a wand of flame (50)
 D - a wand of digging (4)
Scrolls
 l - 4 scrolls of identify
 p - a scroll of amnesia
 s - a scroll of fear
 y - 2 scrolls of fog
 A - 2 scrolls of magic mapping
Potions
 b - a potion of magic
 h - a potion of might
 i - a potion of brilliance
 q - a potion of ambrosia
 v - a potion of attraction
 B - a potion of degeneration


   Skills:
 + Level 8.7 Fighting
 + Level 7.4 Dodging
 - Level 3.0 Stealth
 + Level 8.3 Spellcasting
 + Level 4.6 Conjurations
 + Level 9.7 Ice Magic


You had 10 spell levels left.
You knew the following spells:

 Your Spells              Type           Power      Damage    Failure   Level
a - Freeze                Ice            100%       1d11      1%          1
b - Frozen Ramparts       Ice            88%        1d10      1%          3
c - Poisonous Vapours     Pois/Air       14%        N/A       3%          2
d - Ozocubu's Armour      Ice            44%        N/A       1%          3
f - Mephitic Cloud        Conj/Pois/Air  13%        N/A       4%          3
g - Flame Wave            Conj/Fire      16%        2d6       10%         4

Your spell library contained the following spells:

 Spells                   Type           Power      Damage    Failure   Level
 Fulminant Prism          Conj/Hex       8%         3d7       10%         4
 Magic Dart               Conj           100%       1d8       1%          1
 Hailstorm                Conj/Ice       35%        3d9       1%          4
 Scorch                   Fire           14%        2d6       3%          2
 Conjure Flame            Conj/Fire      16%        6-21      3%          3
 Ignite Poison            Fire/Tmut/Pois 7%         N/A       7%          3
 Sticky Flame             Conj/Fire      16%        2d4       10%         4
 Freezing Cloud           Conj/Ice/Air   13%        6-21      10%         5
 Iskenderun's Battlesphe  Conj           25%        2d8       10%         5
 Blink                    Tloc           14%        N/A       13%         2
 Call Imp                 Summ           7%         N/A       13%         2
 Corpse Rot               Necr/Air       14%        N/A       13%         2
 Fireball                 Conj/Fire      8%         3d6       24%         5
 Summon Lightning Spire   Summ/Air       7%         N/A       65%         4
 Conjure Ball Lightning   Conj/Air       8%         3x3d6     75%         6
 Orb of Destruction       Conj           12%        9d7       92%         7
 Manifold Assault         Tloc           7%         N/A       94%         5
 Summon Cactus Giant      Summ           3%         N/A       100%        6
 Storm Form               Tmut/Air       3%         N/A       100%        7
 Maxwell's Capacitive Co  Air            3%         ∞         100%        8


Dungeon Overview and Level Annotations

Branches:
Dungeon (10/15)            Temple (0/1) D:4             Orc (0/2) D:9
   Lair: D:8-11

Altars:
Ashenzari
Cheibriados
Dithmenos
Fedhas
Hepliaklqana
Makhleb
Nemelex Xobeh
Ru
Sif Muna
Uskayaw
Vehumet
Wu Jian
Yredelemnul
The Shining One

Shops:
D:3 (   D:4 [


Innate Abilities, Weirdness & Mutations

Your serpentine skin is tough. (AC +3)
You have supernaturally acute eyesight. (SInv)
Armour fits poorly on your strangely shaped body.
Your system is resistant to poisons. (rPois)
You cover ground very slowly.
You can spit poison.
You have a snake-like lower body.
You do not regenerate when monsters are visible.


Message History

The wall freezes the slime creature.
The slime creature hits you but does no damage.
The wall freezes the slime creature.
Two slime creatures merge to form a large slime creature.
The wall freezes the slime creature.
The slime creature barely misses you.
You puncture the large slime creature!
The large slime creature is lightly wounded.
The wall freezes the slime creature.
The slime creature hits you!
* * * LOW HITPOINT WARNING * * *
You hit the slime creature.
The slime creature is moderately wounded.
The wall freezes the large slime creature.
A large slime creature splits.
The wall freezes the slime creature.
The slime creature hits you.
* * * LOW HITPOINT WARNING * * *
The wall freezes the slime creature.
The slime creature completely misses you.
The wall freezes the slime creature.
Two slime creatures merge to form a large slime creature.
Okay, then.
Okay, then.
Press: ? - help, v - describe, . - travel
Here: a slime creature (moderately wounded)
The floor.
You feel drained.
You fail to use your ability.
The wall freezes the slime creature.
The slime creature hits you!
* * * LOW HITPOINT WARNING * * *
The wall freezes the slime creature.
The slime creature hits you but does no damage.
Okay, then.
Okay, then.
Okay, then.
Casting: Frozen Ramparts (safe; 1% risk of failure)
Confirm with . or Enter, or press ? or * to list all spells.
A film of ice covers your body!
The wall freezes the slime creature!
The slime creature hits you!
* * * LOW HITPOINT WARNING * * *
The wall freezes the large slime creature!
The large slime creature hits you!!
You die...

#†#.# #.÷.########+
#............
#..#..#...###.
#.............
#.......###.. #.......#
#.....#.+ #.....J@###
#.....JJ#.#######
#......#........#
#......#........#
#......#........##### #
#......#.)......#...# #
#......#........#.#.# #
#......#........#...####
#...####........#.......


You could see a large slime creature and 2 slime creatures.

Vanquished Creatures
  4 two-headed ogres
  2 slime creatures (D:10)
  A wyvern (D:9)
  28 yaks
  2 steam dragons (D:6)
  An ice beast (D:7)
  6 orc warriors
  A sky beast (D:5)
  A black bear (D:4)
  A boggart (D:10)
  4 centaurs
  A kobold brigand (D:8)
  A bullfrog (D:8)
  3 scorpions
  Blork the orc (D:4)
  8 wights
  6 killer bees (D:9)
  A howler monkey (D:8)
  2 gnoll shamans
  6 orc priests
  3 hounds
  A jelly (D:5)
  5 iguanas
  6 orc wizards
  12 gnolls
  7 adders
  A white imp (D:7)
  An ufetubus (D:6)
  A worm (D:2)
  A dart slug (D:3)
  59 orcs
  6 endoplasms
  4 giant cockroaches
  8 goblins
  4 hobgoblins
  8 jackals
  2 quokkas
  7 ball pythons
  6 bats
  5 frilled lizards
  9 kobolds
  4 rats
240 creatures vanquished.

Vanquished Creatures (others)
  4 fungi (D:1)
4 creatures vanquished.

Grand Total: 244 creatures vanquished

Notes
Turn   | Place    | Note
-------+----------+-------------------------------------------
     0 | D:1      | epen the Naga Ice Elementalist began the quest for the Orb.
     0 | D:1      | Reached XP level 1. HP: 15/15 MP: 3/3
   508 | D:1      | Reached XP level 2. HP: 16/24 MP: 0/5
  1744 | D:1      | Found a faded altar of an unknown god.
  1760 | D:1      | Prayed at the altar of an unknown god.
  1760 | D:1      | Became a worshipper of Vehumet
  1760 | D:1      | Reached * piety under Vehumet
  1760 | D:1      | Offered knowledge of Sandblast by Vehumet.
  1840 | D:1      | Reached skill level 1 in Fighting
  1841 | D:1      | Reached XP level 3. HP: 30/31 MP: 2/6
  1941 | D:2      | Learned a level 3 spell: Frozen Ramparts
  2083 | D:2      | Reached XP level 4. HP: 28/38 MP: 3/7
  2833 | D:3      | Reached XP level 5. HP: 45/45 MP: 9/9
  3105 | D:3      | Found an ornate altar of the Wu Jian Council.
  3159 | D:3      | Found Voal Delo's Weapon Shoppe.
  3327 | D:3      | Offered knowledge of Poisonous Vapours by Vehumet.
  3331 | D:3      | Learned a level 2 spell: Poisonous Vapours
  3335 | D:3      | Learned a level 3 spell: Ozocubu's Armour
  3377 | D:3      | Found a broken altar of Ashenzari.
  3378 | D:3      | Found a sacrificial altar of Ru.
  3378 | D:3      | Found a blossoming altar of Fedhas.
  3379 | D:3      | Found a glowing golden altar of the Shining One.
  3566 | D:4      | Reached ** piety under Vehumet
  3605 | D:4      | Found a staircase to the Ecumenical Temple.
  3642 | D:4      | Reached XP level 6. HP: 47/55 MP: 6/10
  3809 | D:4      | Noticed Blork the orc
  3818 | D:4      | Killed Blork the orc
  3819 | D:4      | Reached skill level 5 in Ice Magic
  3859 | D:4      | Found a shimmering blue altar of Sif Muna.
  3958 | D:4      | Found Keowunn's Armour Emporium.
  4033 | D:4      | Noticed a black bear
  4041 | D:4      | Killed a black bear
  4090 | D:4      | Found a hazy altar of Hepliaklqana.
  4091 | D:4      | Found a sparkling altar of Nemelex Xobeh.
  4190 | D:4      | Reached XP level 7. HP: 27/62 MP: 7/12
  4975 | D:5      | Entered Level 5 of the Dungeon
  5611 | D:5      | Learned a level 2 spell: Scorch
  5855 | D:5      | Reached XP level 8. HP: 65/70 MP: 12/14
  6033 | D:5      | Reached skill level 6 in Ice Magic
  7209 | D:6      | Offered knowledge of Dazzling Flash by Vehumet.
  7225 | D:6      | Reached skill level 5 in Spellcasting
  7538 | D:7      | Reached skill level 5 in Fighting
  7598 | D:7      | Reached *** piety under Vehumet
  7609 | D:7      | Found a shadowy altar of Dithmenos.
  7651 | D:7      | Found a snail-covered altar of Cheibriados.
  7732 | D:7      | Found a burning altar of Makhleb.
  7768 | D:7      | Reached XP level 9. HP: 32/62 MP: 14/17
  7794 | D:7      | Reached skill level 7 in Ice Magic
  7952 | D:7      | Reached skill level 5 in Dodging
  8186 | D:7      | Found a basalt altar of Yredelemnul.
  8558 | D:7      | Offered knowledge of Iskenderun's Mystic Blast by Vehumet.
  8632 | D:7      | HP: 3/75 [orc warrior/+2 mace of venom (15)]
  9092 | D:8      | Learned a level 3 spell: Mephitic Cloud
  9161 | D:8      | Noticed a two-headed ogre
  9172 | D:8      | Killed a two-headed ogre
  9173 | D:8      | Reached skill level 8 in Ice Magic
  9173 | D:8      | Reached XP level 10. HP: 54/94 MP: 11/20
  9271 | D:8      | Reached **** piety under Vehumet
  9334 | D:8      | Found a hide-covered altar of Uskayaw.
  9339 | D:8      | Offered knowledge of Yara's Violent Unravelling by Vehumet.
  9603 | D:9      | Reached skill level 1 in Conjurations
  9827 | D:9      | Learned a level 4 spell: Flame Wave
  9938 | D:9      | Reached skill level 9 in Ice Magic
  9950 | D:9      | Noticed a two-headed ogre
  9970 | D:9      | Killed a two-headed ogre
  9971 | D:9      | Reached XP level 11. HP: 103/103 MP: 4/22
 10073 | D:9      | Noticed a two-headed ogre
 10085 | D:9      | Gained mutation: You do not regenerate when monsters are
                  | visible. [potion of mutation]
 10088 | D:9      | Reached ***** piety under Vehumet
 10088 | D:9      | Offered knowledge of Fulminant Prism by Vehumet.
 10366 | D:9      | Killed a two-headed ogre
 10542 | D:9      | Found a staircase to the Orcish Mines.
 10658 | D:10     | Entered Level 10 of the Dungeon
 10694 | D:10     | Noticed a two-headed ogre
 10705 | D:10     | Killed a two-headed ogre
 11048 | D:10     | HP: 2/104 [slime creature (7)]
 11079 | D:10     | Demolished by a large slime creature

Illustrated notes

Levels and vault maps discovered:
D:1:      lemuel_arrival_broad_hall, layout_rooms, serial_co_window_serial,
          co_window_paths_a, co_window_of_opportunity_a, co_window_paths_a,
          co_window_corner_a, co_window_paths_a, co_window_corner_b,
          co_window_corner_ca, co_window_2corner, co_window_2corner,
          co_window_cross_2, co_window_corner_b, co_window_cross_4,
          glass_columns_c, glass_columns_a, shapermc_ecumenical_altar_petra,
          moated_statue
D:2:      layout_rooms, amcnicky_mini_pool_small
D:3:      layout_loops_ring, mainiacjoe_overflow_alcove_1,
          chequers_temple_overflow_statue_of_worship, serial_shops,
          nicolae_diamond_shop, item_on_display_a
D:4:      layout_loops_ring, tgw_sif, gammafunk_temple_overflow_pools,
          minmay_temple_entry_offerings, serial_shops,
          nicolae_inconvenience_store, uniq_blork_the_orc
D:5:      layout_gridville
D:6:      layout_basic
D:7:      layout_loops_ring, nicolae_dithmenos_shadow_blocks,
          mainiacjoe_overflow_chevrons, mainiacjoe_overflow_brackets,
          bloody_makhleb
D:8:      layout_rooms, nicolae_uskayaw_dance_studio
D:9:      layout_loops_ring, hiddenorc1_lemuel
D:10:     layout_stronghold, serial_shops, nicolae_shop_trees,
          chequers_serial_rivers_micro_e, nicolae_alphabet_shops,
          minmay_microvault

Skill      XL: |  1  2  3  4  5  6  7  8  9 10 11 |
---------------+----------------------------------+-----
Fighting       | 1 2 3 4 5 7 8 |  8.7
Dodging        | 2 3 4 6 7 |  7.4
Spellcasting   | 3 4 5 6 7 8 |  8.3
Ice Magic      | 5 6 8 9 |  9.7
Conjurations   | 3 4 |  4.6
Stealth        | |  3.0

Action                   |  1- 3 |  4- 6 |  7- 9 | 10-12 || total
-------------------------+-------+-------+-------+-------++-------
Melee: Dagger            |    54 |   115 |   178 |       ||   347
       Punch             |     1 |     3 |     3 |     1 ||     8
       Spear             |       |       |   110 |   151 ||   261
 Cast: Freeze            |    32 |     3 |    11 |       ||    46
       Frozen Ramparts   |     1 |    14 |    41 |    33 ||    89
       Poisonous Vapours |       |       |    17 |     3 ||    20
       Scorch            |       |       |     2 |     7 ||     9
       Ozocubu's Armour  |       |       |     7 |     4 ||    11
       Mephitic Cloud    |       |       |     2 |    14 ||    16
       Flame Wave        |       |       |       |     8 ||     8
 Abil: Spit Poison       |       |     2 |       |       ||     2
Evoke: Wand              |       |     3 |     1 |     1 ||     5
  Use: Scroll            |       |     8 |     9 |     9 ||    26
       Potion            |       |       |     5 |     3 ||     8
 Stab: Sleeping          |     3 |     2 |     2 |     1 ||     8
       Invisible         |       |       |     3 |       ||     3
       Confused          |       |       |     1 |     7 ||     8
Armor: Robe              |    11 |    53 |    43 |       ||   107
       Steam dragon scal |       |       |   131 |    50 ||   181
Dodge: Dodged            |    39 |    55 |   183 |    74 ||   351

Table legend: (Time is in decaauts)
 A = Elapsed time spent in this place.
 B = Non-inter-level travel time spent in this place.
 C = Inter-level travel time spent in this place.
 D = Time resting spent in this place.
 E = Time spent auto-exploring this place.
 F = Levels seen in this place.
 G = Mean time per level.
                   A        B        C        D        E       F      G
               +--------+--------+--------+--------+--------+-----+--------+
         Total |  13536 |  13063 |    473 |   1633 |   9341 |  10 | 1353.6 |
       Dungeon |  13536 |  13063 |    473 |   1633 |   9341 |  10 | 1353.6 |
               +--------+--------+--------+--------+--------+-----+--------+

Top non-repeatable levels by time:
     D:1: 2275 daAuts
     D:4: 1717 daAuts
     D:7: 1545 daAuts
     D:6: 1525 daAuts
     D:5: 1524 daAuts
     D:9: 1291 daAuts
     D:2: 1148 daAuts
     D:8: 1015 daAuts
     D:3: 977 daAuts
    D:10: 513 daAuts
